 Dungeon Crawl Stone Soup version 0.29.0-7-g18a832c13a (webtiles) character file.

Game seed: 7574694487354002876

1332 apoch the Cleaver (level 8, -2/73 HPs)
             Began as a Minotaur Fighter on Aug 30, 2022.
             Slain by a sky beast (5 damage)
             ... on level 6 of the Dungeon.
             The game lasted 00:10:52 (4986 turns).

apoch the Cleaver (Minotaur Fighter)                Turns: 4986, Time: 00:10:53

Health: -2/73      AC:  7    Str: 23    XL:     8   Next: 34%
Magic:  7/7        EV:  9    Int:  5    God:
Gold:   307        SH:  5    Dex: 10    Spells: 7/7 levels left

rFire   . . .      SeeInvis .   a - +0 war axe
rCold   . . .      Faith    .   c - +1 buckler
rNeg    . . .      Spirit   .   b - +0 scale mail
rPois   .          Reflect  .   (helmet restricted)
rElec   .          Harm     .   (no cloak)
rCorr   .          Rampage  .   (no gloves)
Will    .....                   (no boots)
Stlth   ..........              (no amulet)
HPRegen 0.22/turn               (no ring)
MPRegen 0.10/turn               (no ring)

@: lethally poisoned (-2 -> -23)
A: horns 2, retaliatory headbutt
a: no special abilities


You were on level 6 of the Dungeon.
You visited 1 branch of the dungeon, and saw 6 of its levels.
You also visited: Sewer.

You collected 373 gold pieces.
You spent 66 gold pieces at shops.

Inventory:

Hand Weapons
 a - a +0 war axe (weapon)
 h - a +0 war axe
Missiles
 m - a poisoned dart
 p - 2 datura-tipped darts
 z - 30 stones
 A - 4 javelins (quivered)
Armour
 b - a +0 scale mail (worn)
 c - a +1 buckler (worn)
Jewellery
 g - a ring of protection from fire
 j - a ring of magical power
Wands
 u - a wand of flame (5)
 y - a wand of acid (8)
Scrolls
 d - a scroll of blinking
 f - 3 scrolls of identify
 i - 3 scrolls of fear
 k - 2 scrolls of vulnerability {unknown}
 q - 2 scrolls of magic mapping {unknown}
 s - 6 scrolls of teleportation
 x - a scroll of enchant weapon {unknown}
Potions
 e - 4 potions of mutation
 l - 5 potions of flight
 n - 6 potions of curing
 o - a potion of might
 r - a potion of berserk rage
 t - a potion of attraction
 v - 2 potions of magic
 w - a potion of haste {unknown}


   Skills:
 + Level 7.0 Fighting
 * Level 9.1 Axes
 + Level 7.1 Armour
 - Level 3.6 Shields


You had 7 spell levels left.
You didn't know any spells.
Your spell library contained the following spells:

 Spells                   Type           Power      Damage    Failure   Level
 Beastly Appendage        Tmut           0%         N/A       85%         1
 Static Discharge         Conj/Air       0%         3-3/arc   94%         2
 Wereblood                Tmut           0%         N/A       94%         2
 Spider Form              Tmut/Pois      0%         N/A       99%         3
 Stone Arrow              Conj/Erth      0%         3d7       99%         3
 Animate Armour           Summ/Erth      0%         N/A       100%        4
 Lightning Bolt           Conj/Air       0%         1d11      100%        5
 Lehudib's Crystal Spear  Conj/Erth      0%         10d2      100%        8
 Maxwell's Capacitive Co  Air            0%         ∞         100%        8


Dungeon Overview and Level Annotations

Branches:
Dungeon (6/15)             Temple (0/1) D:4           Sewer (visited)

Altars:
Gozag
Trog
Uskayaw

Shops:
D:1 ?   D:5 ([*


Innate Abilities, Weirdness & Mutations

You have a pair of horns on your head.
You reflexively headbutt those who attack you in melee.


Message History

a +0 flail; a gnoll corpse You hit the gnoll.
The gnoll is lightly wounded.
The gnoll hits you with a +2 halberd of flaming!
The gnoll burns you. You block the gnoll sergeant's attack.
You slash the gnoll!
You kill the gnoll!
The gnoll sergeant hits you but does no damage.
You are poisoned.
You barely miss the sky beast. You headbutt the sky beast.
The sky beast is lightly wounded.
You feel very sick. The sky beast completely misses you.
The gnoll sergeant closely misses you.
You barely miss the sky beast.
The sky beast is lightly wounded.
You feel very sick.
The sky beast flickers out of sight!
Deactivating autopickup; reactivate with Ctrl-A.
Something hits you but does no damage.
The gnoll sergeant hits you from afar with a +1 spear of venom!
You are more poisoned.
You miss something.
You feel very sick. Something hits you but does no damage.
The gnoll sergeant hits you from afar with a +1 spear of venom.
You are more poisoned.
You hit something. Your headbutt misses something.
* * * LOW HITPOINT WARNING * * *
You feel very sick.
The gnoll sergeant hits you from afar with a +1 spear of venom.
* * * LOW HITPOINT WARNING * * *
You are more poisoned.
Something hits you but does no damage.
You closely miss something.
* * * LOW HITPOINT WARNING * * *
You feel extremely sick. Something hits you.
* * * LOW HITPOINT WARNING * * *
Something shocks you.
You die... ...... ..... ....# ...# .gg# #gg

#{# #@# #.# #.#
#.#
###############.#
#...............#
#.###############
#.# #.# ########


You could see a gnoll sergeant and 3 gnolls.

Vanquished Creatures
  Grinder (D:5)
  3 black bears
  An ogre (D:4)
  A kobold brigand (D:4)
  A necrophage (D:3)
  3 scorpions
  4 hounds (D:5)
  2 jellies
  Jessica (D:3)
  An orc wizard (D:3)
  2 gnolls (D:6)
  8 adders
  4 river rats (Sewer)
  A shadow imp (D:5)
  An ufetubus (D:5)
  A worm (D:5)
  A dart slug (D:2)
  4 orcs
  2 bats (D:3)
  5 endoplasms
  6 giant cockroaches
  A hobgoblin (D:1)
  8 jackals
  23 kobolds
  2 quokkas
  5 ball pythons
  12 frilled lizards
  7 goblins
  11 rats
122 creatures vanquished.

Vanquished Creatures (others)
  48 plants (D:4)
48 creatures vanquished.

Grand Total: 170 creatures vanquished

Notes
Turn   | Place    | Note
-------+----------+-------------------------------------------
     0 | D:1      | apoch the Minotaur Fighter began the quest for the Orb.
     0 | D:1      | Reached XP level 1. HP: 19/19 MP: 0/0
    40 | D:1      | Found Xefat Zaewir's Magic Scroll Shop.
    98 | D:1      | Bought a scroll of identify for 22 gold pieces
   108 | D:1      | Bought a scroll of identify for 22 gold pieces
   108 | D:1      | Bought a scroll of identify for 22 gold pieces
   341 | D:1      | Reached skill level 3 in Axes
   341 | D:1      | Reached XP level 2. HP: 24/27 MP: 1/1
   917 | D:2      | Reached XP level 3. HP: 27/33 MP: 2/2
  1615 | D:3      | Reached skill level 4 in Axes
  1697 | D:3      | Noticed a necrophage
  1705 | D:3      | Killed a necrophage
  1706 | D:3      | Reached XP level 4. HP: 35/41 MP: 3/3
  1764 | D:3      | Noticed Jessica
  1773 | D:3      | Killed Jessica
  1774 | D:3      | Reached XP level 5. HP: 34/47 MP: 4/4
  1887 | D:3      | Reached skill level 5 in Axes
  2325 | D:4      | Noticed a black bear
  2325 | D:4      | Noticed a black bear
  2327 | D:4      | Found a bloodstained altar of Trog.
  2428 | D:4      | Noticed an ogre
  2430 | D:4      | Found an opulent altar of Gozag.
  2434 | D:4      | HP: 2/47 [ogre/+0 giant club (16)]
  2435 | D:4      | Killed an ogre
  2436 | D:4      | Reached skill level 5 in Fighting
  2436 | D:4      | Reached skill level 5 in Armour
  2436 | D:4      | Reached XP level 6. HP: 3/56 MP: 5/5
  2826 | D:4      | Reached skill level 6 in Axes
  2913 | D:4      | Reached skill level 7 in Axes
  2913 | D:4      | Reached XP level 7. HP: 43/62 MP: 6/6
  3147 | D:4      | Found a staircase to the Ecumenical Temple.
  3195 | D:4      | You fall into a shaft and drop 1 floor!
  3195 | D:5      | Entered Level 5 of the Dungeon
  3268 | D:5      | Found Tailits's General Store.
  3347 | D:5      | Found Diymiamuaj's Weapon Shoppe.
  3433 | D:5      | Found a glowing drain.
  3435 | D:5      | Noticed Grinder
  3443 | D:5      | Reached skill level 8 in Axes
  3451 | D:5      | Killed Grinder
  3452 | D:5      | Reached XP level 8. HP: 46/71 MP: 7/7
  3510 | Sewer    | Entered a sewer
  4274 | D:5      | Found Kudd's Antique Armour Shop.
  4575 | D:5      | Found a hide-covered altar of Uskayaw.
  4755 | D:6      | Reached skill level 9 in Axes
  4986 | D:6      | HP: 3/73 [something (4)]
  4986 | D:6      | Slain by a sky beast

Illustrated notes

Levels and vault maps discovered:
D:1:      psy_arrival_terrarium, layout_basic, serial_shops, shop_coins
D:2:      layout_basic
D:3:      layout_loops_ring, minmay_bisected, uniq_jessica
D:4:      kennysheep_kobold_camp, layout_gridville,
          nicolae_gozag_cash_rules_everything_around_me,
          lemuel_coloured_pillars_altar, trog_ov_bears_minmay,
          minmay_temple_entry_large_hall
D:5:      layout_rooms, nicolae_uskayaw_suspiria, serial_shops, shop,
          shop_statue, shop, gup_sewer_entry_glass, minivault_23, uniq_grinder
D:6:      lemuel_ice_spiral_2, layout_basic, biasface_ghost_orc_armoury,
          uniq_maggie

Skill      XL: |  1  2  3  4  5  6  7  8 |
---------------+-------------------------+-----
Axes           | 3 4 5 7 8 9 |  9.1
Armour         | 4 5 6 7 |  7.1
Fighting       | 4 5 6 7 |  7.0
Shields        | |  3.6

Action                   |  1- 3 |  4- 6 |  7- 9 || total
-------------------------+-------+-------+-------++-------
Melee: War axe           |    65 |    69 |   130 ||   264
       Headbutt          |     3 |    11 |    22 ||    36
Throw: Stone             |     9 |     5 |     2 ||    16
       Javelin           |       |       |     6 ||     6
       Dart              |       |       |     3 ||     3
  Use: Potion            |     1 |       |     1 ||     2
       Scroll            |       |       |    17 ||    17
Armor: Scale mail        |    24 |    34 |    52 ||   110
Dodge: Dodged            |    34 |    30 |    59 ||   123
Block: Buckler           |    11 |    12 |    29 ||    52
